 Dungeon Crawl Stone Soup version 0.20-a0-876-g2c7b0bf (webtiles) character file.

114 polly the Skirmisher (level 4, 0/36 HPs)
             Began as a Demonspawn Fighter on Mar 16, 2017.
             Slain by a gnoll
             ... wielding a +0 spear
              (6 damage)
             ... on level 3 of the Dungeon.
             The game lasted 00:01:47 (1903 turns).

polly the Skirmisher (Demonspawn Fighter)           Turns: 1903, Time: 00:01:48

Health: 0/36       AC:  7    Str: 15    XL:     4   Next: 66%
Magic:  4/4        EV:  7    Int: 10    God:
Gold:   109        SH:  8    Dex: 12    Spells: 3/3 levels left

rFire    . . .     SeeInvis .     - Unarmed
rCold    . . .     Gourm    .   a - +0 scale mail
rNeg     . . .     Faith    .   b - +0 shield
rPois    .         Spirit   .   (helmet restricted)
rElec    .         Reflect  .   (no cloak)
rCorr    .         Harm     .   (no gloves)
MR       .....     Clarity  +   (no boots)
Stlth    ..........             (no amulet)
Regen    1.2/turn               (no ring)
MPRegen  0.1/turn               (no ring)

@: no status effects
A: horns 1, rugged brown scales 1, clarity, powered by death 1, weak 1
a: no special abilities


You were on level 3 of the Dungeon.
You were not hungry.

You visited 1 branch of the dungeon, and saw 3 of its levels.

You collected 109 gold pieces.

Inventory:

Armour
 a - a +0 scale mail (worn)
 b - a +0 shield (worn)
Jewellery
 k - a +3 ring of dexterity {unknown}
Scrolls
 e - a scroll of identify {unknown}
 f - a scroll of noise {unknown}
 g - 3 scrolls of remove curse {unknown}
 h - a scroll of blinking {unknown}
 i - 3 scrolls of enchant weapon {unknown}
 j - a scroll of enchant armour {unknown}
 l - a scroll of amnesia {unknown}
 m - a scroll of teleportation {unknown}
Comestibles
 c - 3 royal jellies
 d - 2 bread rations


   Skills:
 + Level 3.4 Fighting
 + Level 3.2 Armour
 + Level 1.0 Dodging
 + Level 3.3 Shields
 + Level 2.9 Unarmed Combat


You had 3 spell levels left.
You didn't know any spells.

Dungeon Overview and Level Annotations

Branches:
Dungeon (3/15)

Altars:


Innate Abilities, Weirdness & Mutations

You are partially covered in rugged brown scales. (AC +1, +3% HP)
You regenerate a little health from kills.
You have a pair of small horns on your head.
You possess an exceptional clarity of mind.
You are weak. (Str -2)


Message History

The gnoll barely misses you. You block the gnoll's attack.
You hit the gnoll but do no damage. You headbutt the gnoll.
The gnoll is heavily wounded.
You punch the gnoll!
You kill the gnoll!
Your Dodging skill increases to level 1!
You hit the gnoll.
The gnoll is heavily wounded.
The gnoll closely misses you.
You hit the gnoll but do no damage. Your headbutt misses the gnoll.
The gnoll is heavily wounded.
You block the gnoll's attack.
The gnoll hits you with a flail of holy wrath.
* * * LOW HITPOINT WARNING * * *
You convulse.
* * * LOW HITPOINT WARNING * * *
You barely miss the gnoll. You headbutt the gnoll.
You kill the gnoll!
The gnoll hits you from afar with a spear.
You die...

##.####.# # #.# .#
.††.....## ##.## .#
..>....... #
##...##.# ##.#######.
#.##.....#.# #.# #.
#..........# #(#
###.#####.....###
##.#####...(.#
##...##
.............#####.##
##..####......g)@..#
#..# #...?.#######
#..# #..[..# ##..#
###.### ....# #.
###.# #. ... . #### #


You could see a gnoll.

Vanquished Creatures
  3 gnolls (D:3)
  2 adders
  2 worms (D:2)
  3 dart slugs (D:1)
  4 leopard geckos
  An orc (D:3)
  A bat (D:1)
  3 giant cockroaches
  4 goblins
  8 hobgoblins
  4 jackals (D:2)
  4 kobolds
  2 quokkas (D:2)
  4 frilled lizards
  2 rats
47 creatures vanquished.

Notes
Turn   | Place    | Note
-------+----------+-------------------------------------------
     0 | D:1      | polly the Demonspawn Fighter began the quest for the Orb.
     0 | D:1      | Reached XP level 1. HP: 18/18 MP: 1/1
   110 | D:1      | Gained mutation: You are partially covered in rugged brown scales. (AC +1, +3% HP) [demonic ancestry]
   110 | D:1      | Reached XP level 2. HP: 18/24 MP: 2/2
   587 | D:2      | Reached XP level 3. HP: 18/29 MP: 3/3
  1600 | D:3      | Gained mutation: You regenerate a little health from kills. [demonic ancestry]
  1600 | D:3      | Reached XP level 4. HP: 22/36 MP: 4/4
  1889 | D:3      | Gained mutation: You are weak. (Str -2) [potion of mutation]
  1889 | D:3      | Gained mutation: You have a pair of small horns on your head. [potion of mutation]
  1889 | D:3      | Gained mutation: You possess an exceptional clarity of mind. [potion of mutation]
  1900 | D:3      | Reached skill level 1 in Dodging
  1903 | D:3      | Slain by a gnoll

Vault maps used:
D:1:      minmay_arrival_floating_metal

Skill      XL: |  1  2  3  4 |
---------------+-------------+-----
Shields        | 3 |  3.3
Armour         | 3 |  3.2
Unarmed Combat | 2 |  2.9
Dodging        | 1 |  1.0
Fighting       | |  3.4

Action                   |  1- 3 |  4- 6 || total
-------------------------+-------+-------++-------
Melee: Unarmed           |   244 |    96 ||   340
       Headbutt          |       |     3 ||     3
  Use: Potion            |     1 |     1 ||     2
  Eat: Chunk             |     2 |     2 ||     4
Armor: Scale mail        |   102 |    29 ||   131
Dodge: Dodged            |    52 |    30 ||    82
Block: Shield            |   106 |    47 ||   153
